 Dungeon Crawl Stone Soup version 0.29-a0-721-g7f417c9bbb (webtiles) character file.

Game seed: 4813816202469005140

321 crusatyr the Slasher (level 6, 0/47 HPs)
             Began as a Demonspawn Monk on June 27, 2022.
             Succumbed to a kobold brigand's curare-tipped dart
             ... in a sewer.
             The game lasted 00:08:36 (4478 turns).

crusatyr the Slasher (Demonspawn Monk)              Turns: 4478, Time: 00:08:37

Health: 0/47       AC: 11    Str: 13    XL:     6   Next: 22%
Magic:  6/6        EV:  8    Int: 11    God:
Gold:   158        SH:  0    Dex: 16    Spells: 5/5 levels left

rFire   . . .      SeeInvis .   a - +0 falchion
rCold   . . .      Faith    .   (no shield)
rNeg    . . .      Spirit   .   d - +0 chain mail
rPois   .          Reflect  .   (no helmet)
rElec   .          Harm     .   (no cloak)
rCorr   .          Rampage  .   g - +2 pair of gloves
Will    .....                   (no boots)
Stlth   ..........              (no amulet)
HPRegen 0.15/turn               (no ring)
MPRegen 0.10/turn               (no ring)

@: lethally poisoned (0 -> -17), slowed, very slow
A: claws 1, repulsion field 1, foul stench 1
a: no special abilities


You were in a sewer.
You visited 1 branch of the dungeon, and saw 4 of its levels.
You also visited: Sewer.

You collected 158 gold pieces.

Inventory:

Hand Weapons
 a - a +0 falchion (weapon)
Armour
 d - a +0 chain mail (worn)
 g - a +2 pair of gloves (worn)
Wands
 h - a wand of iceblast (8)
Scrolls
 i - 2 scrolls of fog
Potions
 c - a potion of ambrosia
 j - 2 potions of brilliance
 k - a potion of berserk rage {unknown}
 l - 4 potions of mutation
 n - a potion of haste {unknown}
 o - 2 potions of might {unknown}
 p - 2 potions of degeneration {unknown}


   Skills:
 - Level 3.0 Fighting
 + Level 5.3 Long Blades
 - Level 2.6 Dodging
 - Level 1.7 Stealth
 + Level 3.6 Evocations


You had 5 spell levels left.
You didn't know any spells.
Your spell library contained the following spells:

 Spells                   Type           Power      Damage    Failure   Level
 Shock                    Conj/Air       0%         1d3       100%        1
 Summon Small Mammal      Summ           0%         N/A       100%        1
 Swiftness                Air            0%         N/A       100%        3
 Airstrike                Air            0%         N/A       100%        4


Dungeon Overview and Level Annotations

Branches:
Dungeon (4/15)              Sewer (1/1)
 Temple: D:4-7

Altars:
Kikubaaqudgha
Sif Muna
Vehumet
Zin

Shops:
D:1 !(!=(


Innate Abilities, Weirdness & Mutations

You have sharp fingernails.
You are surrounded by a mild repulsion field. (EV +2)
You may rarely emit foul miasma when damaged in melee.


Message History

You are poisoned.
You feel very sick. The kobold attacks as you move away!
The kobold hits you but does no damage.
You feel sick.
You feel sick. The kobold attacks as you move away!
The kobold hits you but does no damage.
You feel sick.
You feel sick. The kobold attacks as you move away!
The kobold hits you but does no damage.
You feel sick.
You feel sick.
You feel sick. The kobold attacks as you move away!
The kobold hits you but does no damage.
You feel sick.
You are no longer poisoned.
The kobold throws a stone.
The stone hits you but does no damage.
The kobold brigand throws a poisoned dart.
The poisoned dart barely misses you.
The kobold brigand throws a curare-tipped dart.
The curare-tipped dart hits you.
You are poisoned.
You have difficulty breathing.
You feel yourself slow down.
As you read the scroll of fog, it crumbles to dust.
The scroll dissolves into smoke.
You feel very sick.
The kobold throws a stone.
The stone hits you but does no damage.
The kobold brigand throws a poisoned dart.
The poisoned dart hits you!
You are more poisoned.
The kobold throws a stone.
The stone hits you but does no damage.
You feel very sick.
* * * LOW HITPOINT WARNING * * *
You feel very sick.
The kobold brigand throws a curare-tipped dart.
The curare-tipped dart hits you.
You are lethally poisoned!
You have difficulty breathing.
* * * LOW HITPOINT WARNING * * *
You feel as though you will be slow longer.
You die...

≈≈ #P≈P..P.##
≈≈≈#≈≈≈.....#
≈≈≈≈≈≈≈.....##
≈≈≈#P≈§K.....#
≈≈≈#≈§§§§P§.##
≈≈ #P§§K§§..#
#.§§§§§§.#
#...§§§§§##
≈≈#P..@....P#
≈≈#≈≈.......#
≈≈≈≈≈≈≈.....##
≈≈≈#P≈......#
≈≈≈≈≈≈P.....#
≈≈≈#≈≈.....##
≈≈≈#P.....##
≈≈ #...†.##
#.....#


There were no monsters in sight!

Vanquished Creatures
  Jessica (D:2)
  6 orc wizards
  4 gnolls (D:4)
  An adder (D:3)
  2 river rats (D:4)
  A worm (D:3)
  3 dart slugs (D:3)
  7 orcs
  6 ball pythons
  12 bats
  8 endoplasms
  2 giant cockroaches
  4 goblins
  4 hobgoblins
  2 jackals (D:1)
  11 kobolds
  2 quokkas (D:3)
  5 frilled lizards
  9 rats
90 creatures vanquished.

Vanquished Creatures (others)
  2 plants (D:3)
2 creatures vanquished.

Grand Total: 92 creatures vanquished

Notes
Turn   | Place    | Note
-------+----------+-------------------------------------------
     0 | D:1      | crusatyr the Demonspawn Monk began the quest for the Orb.
     0 | D:1      | Reached XP level 1. HP: 18/18 MP: 1/1
     7 | D:1      | Found Migaegh's Distillery.
    75 | D:1      | Reached skill level 3 in Long Blades
   510 | D:1      | Found Four's Antique Weapon Shoppe.
   622 | D:1      | Gained mutation: You have sharp fingernails. [demonic
                  | ancestry]
   622 | D:1      | Reached XP level 2. HP: 23/24 MP: 2/2
   639 | D:1      | Found Diczu's Antique Weapon Boutique.
   811 | D:1      | Found Didgh's Distillery.
   939 | D:1      | Found a faded altar of an unknown god.
  1053 | D:1      | Found Cela's Jewellery Boutique.
  1072 | D:1      | Gained mutation: You are surrounded by a mild repulsion
                  | field. (EV +2) [demonic ancestry]
  1072 | D:1      | Reached XP level 3. HP: 12/29 MP: 3/3
  1671 | D:2      | Reached skill level 4 in Long Blades
  1969 | D:2      | Noticed Jessica
  1983 | D:2      | Killed Jessica
  1984 | D:2      | Reached skill level 1 in Evocations
  1984 | D:2      | Gained mutation: You may rarely emit foul miasma when
                  | damaged in melee. [demonic ancestry]
  1984 | D:2      | Reached XP level 4. HP: 30/35 MP: 4/4
  2762 | D:3      | Noticed a black bear
  3052 | D:3      | Found a radiant altar of Vehumet.
  3069 | D:3      | Found an ancient bone altar of Kikubaaqudgha.
  3075 | D:3      | Reached XP level 5. HP: 28/41 MP: 5/5
  3175 | D:3      | Found a shimmering blue altar of Sif Muna.
  3250 | D:3      | Got Sif Muna's Tome of Creation
  3587 | D:3      | Reached skill level 5 in Long Blades
  3946 | D:4      | Reached XP level 6. HP: 23/47 MP: 6/6
  3984 | D:4      | HP: 1/47 [gnoll/+0 whip (8)]
  4100 | D:4      | Found a glowing drain.
  4130 | Sewer    | Entered a sewer
  4478 | Sewer    | Succumbed to a kobold brigand's curare-tipped dart

Illustrated notes

Levels and vault maps discovered:
D:1:      scummos_arrival_forest, layout_basic, serial_shops, shop, shop, shop,
          nicolae_shop_statue_plus, shop, chequers_ecumenical_altar_lobes,
          st_stairs_13
D:2:      layout_rooms, small_statue_intersection, grunt_decor_junction,
          uniq_jessica
D:3:      layout_basic, palyth_temple_overflow_mages, zin_scriptorium,
          serial_corexii_hall, chequers_hall_statues_y, chequers_hall_statues_y,
          minmay_misc_feat_rows, chequers_big_river
D:4:      layout_loops_ring, portal_sewer_entry_c, uniq_blork_the_orc
Sewer:    kennysheep_pipe_town

Skill      XL: |  1  2  3  4  5 |
---------------+----------------+-----
Long Blades    | 3 4 5 |  5.3
Evocations     | 1 2 3 |  3.6
Fighting       | |  3.0
Dodging        | |  2.6
Stealth        | |  1.7

Action                   |  1- 3 |  4- 6 || total
-------------------------+-------+-------++-------
Melee: Falchion          |    98 |   212 ||   310
       Punch             |       |     4 ||     4
  Use: Scroll            |       |     8 ||     8
       Potion            |       |     2 ||     2
 Stab: Sleeping          |     2 |       ||     2
Armor: Robe              |     2 |       ||     2
       Chain mail        |    62 |   138 ||   200
Dodge: Dodged            |    52 |    77 ||   129

Table legend: (Time is in decaauts)
 A = Elapsed time spent in this place.
 B = Non-inter-level travel time spent in this place.
 C = Inter-level travel time spent in this place.
 D = Time resting spent in this place.
 E = Time spent auto-exploring this place.
 F = Levels seen in this place.
 G = Mean time per level.
                   A        B        C        D        E       F      G
               +--------+--------+--------+--------+--------+-----+--------+
         Total |   4519 |   4333 |    186 |    510 |   2689 |   5 |  903.8 |
       Dungeon |   4162 |   3976 |    186 |    331 |   2598 |   4 | 1040.5 |
         Sewer |    357 |    357 |      0 |    179 |     90 |   1 |  357.0 |
               +--------+--------+--------+--------+--------+-----+--------+

Top non-repeatable levels by time:
     D:3: 1675 daAuts
     D:1: 1568 daAuts
     D:2: 669 daAuts
   Sewer: 357 daAuts
     D:4: 249 daAuts
